 Dungeon Crawl Stone Soup version 0.22-a0-580-gd5db89c (webtiles) character file.

13975 galech the Fighter (level 12, -8/195 HPs)
             Began as an Ogre Berserker on July 2, 2018.
             Was a High Priest of Trog.
             Mangled by Urug
             ... wielding a +3 antimagic battleaxe
              (23 damage)
             ... on level 10 of the Dungeon.
             The game lasted 00:23:25 (13546 turns).

galech the Fighter (Ogre Berserker)                Turns: 13546, Time: 00:23:25

Health: -8/195     AC:  7    Str: 29    XL:     12   Next: 11%
Magic:  0/12       EV: 14    Int:  8    God:    Trog [*****.]
Gold:   947        SH: 11    Dex: 12    Spells: 11/11 levels left

rFire    . . .     SeeInvis .   g - +5 whip
rCold    . . .     Gourm    .   m - +0 shield
rNeg     . . .     Faith    +   b - +1 animal skin
rPois    .         Spirit   .   y - +0 hat {MR+}
rElec    .         Reflect  .   f - +2 cloak
rCorr    .         Harm     .   (gloves unavailable)
MR       +++++                  (boots unavailable)
Stlth    ..........             t - amulet of faith
HPRegen  1.42/turn              B - ring of protection from magic
MPRegen  0.13/turn              v - +1 ring of evasion

@: berserking (expiring), starving, regenerating, very quick
A: large, unfitting armour, tough skin 1
a: Berserk, Trog's Hand, Brothers in Arms, Renounce Religion


You were on level 10 of the Dungeon.
You worshipped Trog.
Trog was extremely pleased with you.
You were starving.

You visited 2 branches of the dungeon, and saw 12 of its levels.
You also visited: Sewer.

You collected 1073 gold pieces.
You spent 126 gold pieces at shops.

Inventory:

Hand Weapons
 g - a +5 whip (weapon)
 A - a +1 mace of protection
 C - a +6 antimagic giant club
 E - a +2 whip of flaming
 K - a +4 mace of holy wrath
Armour
 b - a +1 animal skin (worn)
 f - a +2 cloak (worn)
 m - a +0 shield (worn)
 y - a +0 hat of magic resistance (worn)
Jewellery
 r - an uncursed ring of ice
 t - an amulet of faith (around neck)
 v - a +1 ring of evasion (right hand)
 B - a ring of protection from magic (left hand)
 L - a +3 ring of intelligence
Wands
 D - a wand of flame (38)
 F - a wand of scattershot (8)
 I - a wand of enslavement (15)
Scrolls
 e - a scroll of immolation {unknown}
 i - 5 scrolls of remove curse
 j - 2 scrolls of enchant weapon
 k - 3 scrolls of enchant armour
 u - 4 scrolls of fog
 w - a scroll of fear
 x - a scroll of random uselessness
 z - a scroll of identify
 G - a scroll of holy word {unknown}
Potions
 a - 2 potions of magic
 d - 3 potions of ambrosia
 h - 5 potions of might
 l - 7 potions of heal wounds
 n - 4 potions of lignification
 o - 5 potions of curing
 p - 2 potions of flight
 q - 3 potions of brilliance
 s - 2 potions of invisibility
 H - 4 potions of haste
 J - 9 potions of degeneration
Comestibles
 c - 22 rations


   Skills:
 + Level 11.2 Fighting
 + Level 11.0 Maces & Flails
 + Level 8.8 Dodging
 + Level 4.5 Stealth
 + Level 7.0 Shields


You had 11 spell levels left.
You didn't know any spells.
Your spell library was empty.

Dungeon Overview and Level Annotations

Branches:
Dungeon (10/15)            Temple (0/1) D:6             Orc (2/2) D:9
    Elf (0/3) Orc:2
   Lair: D:8-11

Altars:
Ashenzari
Cheibriados
Dithmenos
Hepliaklqana
Sif Muna
Trog
Vehumet
Yredelemnul
The Shining One

Shops:
D:4 ?   D:5 [   D:7 %   D:10 :   Orc:1 (

Annotations:
D:6 2 transporters, Amnesiac's ghost, novice SpWn
D:10 Urug
Orc:2 Sonja


Innate Abilities, Weirdness & Mutations

You are too large for most types of armour.
You have tough skin. (AC +1)


Message History

Urug misses you.
You barely miss Urug. You thrash Urug!!
Urug is moderately wounded.
You hit Urug but do no damage.
Urug is moderately wounded.
Urug hits you with an antimagic battleaxe!!
* * * LOW HITPOINT WARNING * * *
You feel your power leaking away.
You thrash Urug!!
Urug is almost dead.
You are starving!
You whack Urug!
Urug is almost dead.
You barely miss Urug.
Urug is almost dead.
You completely miss Urug.
Urug is almost dead.
Urug hits you with an antimagic battleaxe!!
You die...

....###... ...........
....#(#..##########'#+#
#..###................
.....................
.....)....######....
#........'....#....
#........#....'....
#.o......#....#....
#.@).....######....
#..(...............
#..(...............
#..................
.........###.........>
#.........# #..........
......(...# #..........
..........# #..........
..........# ..########


You could see Urug and an enchanted long sword.

Vanquished Creatures
  A stone giant (Orc:2)
  Erica (Orc:1)
  A two-headed ogre (D:8)
  2 deep elf knights (D:10)
  A wizard (D:10)
  Pikel (D:7)
  An orc knight (Orc:1)
  A cyclops (Orc:2)
  Joseph (D:7)
  Grinder (D:6)
  A hippogriff (D:9)
  A wraith (D:10)
  Sigmund (D:3)
  Eustachio (D:6)
  A warg (Orc:2)
  Menkaure (D:7)
  A water moccasin (D:8)
  Duvessa (D:6)
  10 orc warriors
  A swamp drake (D:9)
  7 sky beasts
  A black bear (D:9)
  3 ice beasts
  A hornet zombie (D:5)
  A necrophage (D:8)
  2 phantoms
  13 ogres
  4 centaurs
  3 bullfrogs
  3 big kobolds (Sewer)
  A wyvern zombie (D:8)
  Dowan (D:6)
  A water moccasin skeleton (D:10)
  3 scorpions
  15 killer bees
  A howler monkey (D:10)
  5 crimson imps
  2 centaur skeletons
  6 hounds
  3 jellies
  A quasit (D:8)
  15 orc priests
  10 orc wizards
  3 bullfrog skeletons
  5 iguanas
  6 worker ants
  A killer bee zombie (D:6)
  A hound skeleton (D:10)
  A worker ant zombie (D:9)
  8 gnolls
  10 adders
  7 river rats
  4 shadow imps
  An adder skeleton (D:5)
  7 worms
  6 leopard geckos
  61 orcs
  8 ball pythons
  2 bats
  6 giant cockroaches
  2 goblins (D:2)
  6 hobgoblins
  5 jackals
  6 quokkas
  7 frilled lizards
  2 goblin skeletons (D:5)
  17 kobolds
  A kobold skeleton (D:5)
  A kobold zombie (D:5)
  An orc skeleton (D:5)
  An orc zombie (D:5)
  32 rats
350 creatures vanquished.

Vanquished Creatures (others)
  2 slaves (D:7)
  A scorpion (D:7)
3 creatures vanquished.

Grand Total: 353 creatures vanquished

Notes
Turn   | Place    | Note
-------+----------+-------------------------------------------
     0 | D:1      | galech the Ogre Berserker began the quest for the Orb.
     0 | D:1      | Reached XP level 1. HP: 24/24 MP: 1/1
   581 | D:1      | Reached XP level 2. HP: 31/33 MP: 2/2
  1011 | D:2      | Reached XP level 3. HP: 39/40 MP: 3/3
  1067 | D:2      | Reached ** piety under Trog
  1564 | D:3      | Reached XP level 4. HP: 39/49 MP: 4/4
  1721 | D:3      | Found a glowing drain.
  1765 | Sewer    | Entered a sewer
  1902 | Sewer    | Reached XP level 5. HP: 38/55 MP: 5/5
  2003 | Sewer    | Noticed a big kobold
  2011 | Sewer    | Killed a big kobold
  2011 | Sewer    | Reached skill level 5 in Fighting
  2148 | Sewer    | Reached *** piety under Trog
  2250 | Sewer    | Reached XP level 6. HP: 65/66 MP: 6/6
  2618 | D:3      | Noticed Sigmund
  2621 | D:3      | Reached skill level 5 in Maces & Flails
  2622 | D:3      | Reached skill level 1 in Stealth
  2634 | D:3      | Killed Sigmund
  2634 | D:3      | Reached XP level 7. HP: 74/74 MP: 7/7
  2773 | D:2      | Found a shattered altar of Ashenzari.
  3295 | D:4      | Reached **** piety under Trog
  3510 | D:4      | You fall through a shaft!
  3510 | D:5      | Entered Level 5 of the Dungeon
  3518 | D:5      | Found Fuplu's Armour Shop.
  3547 | D:5      | Reached skill level 5 in Dodging
  3547 | D:5      | Reached XP level 8. HP: 64/83 MP: 8/8
  3874 | D:5      | Found a glowing golden altar of the Shining One.
  4038 | D:4      | Found Masebboqe's Magic Scroll Boutique.
  4075 | D:4      | Bought a scroll of identify for 22 gold pieces
  4075 | D:4      | Bought a scroll of teleportation for 33 gold pieces
  4075 | D:4      | Bought a scroll of fear for 38 gold pieces
  4075 | D:4      | Bought a scroll of teleportation for 33 gold pieces
  4211 | D:4      | You fall through a shaft!
  4704 | D:5      | Reached ***** piety under Trog
  5002 | D:6      | Noticed Dowan
  5002 | D:6      | Noticed Duvessa
  5008 | D:6      | Killed Dowan
  5013 | D:6      | Killed Duvessa
  5013 | D:6      | Reached skill level 1 in Shields
  5065 | D:6      | Noticed Grinder
  5075 | D:6      | Killed Grinder
  5075 | D:6      | Reached XP level 9. HP: 93/93 MP: 9/9
  5161 | D:6      | Found a staircase to the Ecumenical Temple.
  5278 | D:6      | Found a transporter.
  5278 | D:6      | Noticed a purple ugly thing
  5279 | D:6      | Noticed a purple ugly thing
  5281 | D:6      | Noticed Amnesiac's ghost (novice SpWn)
  5282 | D:6      | Found a transporter.
  5621 | D:6      | Found a radiant altar of Vehumet.
  5621 | D:6      | Found a bloodstained altar of Trog.
  5884 | D:6      | Noticed Eustachio
  5909 | D:6      | Killed Eustachio
  6080 | D:7      | Noticed Joseph
  6568 | D:7      | Killed Joseph
  6758 | D:7      | Found a deep blue altar of Sif Muna.
  6848 | D:7      | Found Kaohun's Food Boutique.
  6981 | D:7      | Noticed Menkaure
  6987 | D:7      | Killed Menkaure
  7082 | D:7      | Reached XP level 10. HP: 106/106 MP: 10/10
  7145 | D:7      | Noticed Pikel
  7164 | D:7      | Killed Pikel
  7745 | D:8      | Noticed a two-headed ogre
  7788 | D:8      | Killed a two-headed ogre
  8087 | D:8      | Reached skill level 5 in Shields
  8144 | D:8      | Found a basalt altar of Yredelemnul.
  8147 | D:8      | Found a shadowy altar of Dithmenos.
  8150 | D:8      | Found a snail-covered altar of Cheibriados.
  8278 | D:8      | Found a hazy altar of Hepliaklqana.
  8422 | D:9      | Found a staircase to the Orcish Mines.
  9174 | D:9      | Reached XP level 11. HP: 90/117 MP: 11/11
  9246 | D:9      | Received a gift from Trog
  9635 | D:9      | Reached skill level 10 in Maces & Flails
  9740 | D:9      | Reached skill level 10 in Fighting
 10233 | Orc:1    | Entered Level 1 of the Orcish Mines
 10235 | Orc:1    | Identified a scroll of acquirement
 10368 | Orc:1    | Noticed Erica
 10388 | Orc:1    | Killed Erica
 10595 | Orc:1    | Found Moehoido's Antique Weapon Shop.
 10745 | Orc:2    | Entered Level 2 of the Orcish Mines
 11022 | Orc:2    | Noticed a stone giant
 11035 | Orc:2    | Killed a stone giant
 11553 | Orc:2    | Noticed a cyclops
 11563 | Orc:2    | Killed a cyclops
 12102 | Orc:2    | Received a gift from Trog
 12117 | Orc:2    | Noticed an orc knight
 12224 | Orc:1    | Killed an orc knight
 12332 | Orc:2    | Found a staircase to the Elven Halls.
 12333 | Orc:2    | Noticed Sonja
 12780 | D:10     | Entered Level 10 of the Dungeon
 12974 | D:10     | Found Tynn's Book Emporium.
 13016 | D:10     | Noticed a deep elf knight
 13039 | D:10     | Killed a deep elf knight
 13042 | D:10     | Noticed a wizard
 13087 | D:10     | Killed a wizard
 13087 | D:10     | Reached XP level 12. HP: 62/130 MP: 12/12
 13496 | D:10     | Noticed a deep elf knight
 13514 | D:10     | Noticed Urug
 13537 | D:10     | Killed a deep elf knight
 13546 | D:10     | Mangled by Urug

Vault maps used:
D:1:      dpeg_arrival_rooms_a
D:2:      lemuel_upstairs_altar, first_ration
D:3:      lightli_sewer_entry_pipes, uniq_sigmund
D:4:      wad_river_or_something, serial_shops, shop
D:5:      serial_shops, shop, nicolae_tso_besieged_by_evil
D:6:      gammafunk_temple_overflow_pools, temple_doors_e,
          gammafunk_ghost_arena, hangedman_decor_push, uniq_duvessa,
          uniq_eustachio, uniq_grinder
D:7:      led_sif_book, serial_shops, shop, grunt_ogre_cave, uniq_joseph,
          uniq_menkaure, uniq_pikel
D:8:      grunt_temple_overflow_diamond, nicolae_overflow_hidden_temple,
          eino_jars
D:9:      erik_orc_1
D:10:     serial_shops, shop, sword_in_stone
Orc:1:    nicolae_volcano_entry_hallway, serial_shops,
          nicolae_shop_behind_doors, uniq_erica
Orc:2:    st_orc_pillars, statue_in_the_mist_lemuel, uniq_sonja
Sewer:    sewer_minmay_treatment

Skill      XL: |  1  2  3  4  5  6  7  8  9 10 11 12 |
---------------+-------------------------------------+-----
Maces & Flails | 3 4 5 6 7 8 9 10 11 | 11.0
Dodging        | 3 4 5 6 7 8 |  8.8
Fighting       | 5 6 7 8 9 11 | 11.2
Stealth        | 1 2 3 4 |  4.5
Shields        | 1 3 5 6 7 |  7.0

Action                   |  1- 3 |  4- 6 |  7- 9 | 10-12 || total
-------------------------+-------+-------+-------+-------++-------
Melee: Whip              |    76 |   194 |   420 |   855 ||  1545
       Mace              |     3 |       |       |       ||     3
Invok: Berserk           |     1 |     1 |     9 |    13 ||    24
       Trog's Hand       |       |     1 |     2 |     9 ||    12
  Use: Scroll            |     6 |       |     8 |     9 ||    23
       Potion            |       |       |       |     5 ||     5
 Stab: Sleeping          |       |     1 |    10 |     4 ||    15
       Confused          |       |       |       |     1 ||     1
       Distracted        |       |       |       |     1 ||     1
  Eat: Chunk             |     3 |     4 |    21 |    34 ||    62
       Ration            |       |       |     1 |       ||     1
Armor: Animal skin       |    23 |    95 |    95 |   101 ||   314
Dodge: Dodged            |    25 |   110 |   132 |   306 ||   573
Block: Shield            |       |       |    94 |   317 ||   411

Table legend:
 A = Spawn XP
 B = Non-spawn XP
 C = Spawn XP percentage of total XP
 D = Spawn monster count
 E = Non-spawn monster count
 F = Spawn count percentage of total count
 G = Total turns spent on level
                    A         B        C        D         E        F      G
               +---------+---------+-------+---------+---------+-------+---------
         Total |       0 |   19965 |   0.0 |       0 |     350 |   0.0 | 13546
               +---------+---------+-------+---------+---------+-------+---------
           D:1 |       0 |      13 |   0.0 |       0 |       8 |   0.0 |   678
           D:2 |       0 |      51 |   0.0 |       0 |      20 |   0.0 |   924
           D:3 |       0 |     431 |   0.0 |       0 |      36 |   0.0 |   878
           D:4 |       0 |     360 |   0.0 |       0 |      21 |   0.0 |   846
           D:5 |       0 |     611 |   0.0 |       0 |      28 |   0.0 |   818
           D:6 |       0 |    1479 |   0.0 |       0 |      23 |   0.0 |  1362
           D:7 |       0 |    2170 |   0.0 |       0 |      21 |   0.0 |  1091
           D:8 |       0 |    3196 |   0.0 |       0 |      39 |   0.0 |  1409
           D:9 |       0 |    2287 |   0.0 |       0 |      42 |   0.0 |  1488
          D:10 |       0 |    3945 |   0.0 |       0 |      25 |   0.0 |   766
         Orc:1 |       0 |    2120 |   0.0 |       0 |      15 |   0.0 |  1394
         Orc:2 |       0 |    2889 |   0.0 |       0 |      24 |   0.0 |  1111
         Sewer |       0 |     413 |   0.0 |       0 |      48 |   0.0 |   781
               +---------+---------+-------+---------+---------+-------+---------
